 Dungeon Sprint DCSS version 0.31-a0-750-gfe7b580527 (webtiles) character file.

Game seed: 8249205025957881054

22200000 sentinel the Plane Walker (level 27, -66/149 HPs)
             Began as a Felid Warper on Sept 14, 2023.
             Was the Champion of Makhleb.
             Killed by an exploding ball lightning (142 damage)
             ... in the Dungeon (Sprint VIII: "Arena of Blood").
             The game lasted 00:08:17 (222 turns).

sentinel the Plane Walker (Felid Warper)             Turns: 222, Time: 00:08:17

Health: -66/149    AC:  3    Str:  7    XL:     27
Magic:  3/55       EV: 43    Int: 23    God:    Makhleb [******]
Gold:   0          SH:  0    Dex: 21    Spells: 76/80 levels left
                                        Lives:  0   Deaths: 13

rFire   . .          .
                       - Unarmed
rCold   + . .        (shield unavailable)
rNeg    . . .        (body armour unavailable)
rPois   .            (helmet unavailable)
rElec   .            (cloak unavailable)
rCorr   .            (gloves unavailable)
SInv    +            (boots unavailable)
Will    ++++.        (no amulet)
Stlth   ++++++++++   a - +27000 ring of slaying
HPRegen 0.44/turn    (no ring)
MPRegen 0.34/turn

%: no teleportation
@: quick
A: very small, claws 1, fangs 3, see invisible, speed 1, shaggy fur 3, stealthy
paws, no weapons or thrown items, no armour, multi-lived
a: Renounce Religion, Minor Destruction, Lesser Servant of Makhleb, Major
Destruction, Greater Servant of Makhleb


You were in the Dungeon.
You worshipped Makhleb.
Makhleb was exalted by your worship.
You visited 1 branch

Inventory:

Jewellery
 a - a +27000 ring of slaying (left paw)
Scrolls
 z - 2 scrolls of blinking
Potions
 h - a potion of haste
 q - a potion of curing
 w - a potion of heal wounds


   Skills:
 O Level 27 Fighting
 O Level 27 Dodging
 O Level 27 Stealth
 O Level 27 Unarmed Combat
 O Level 27 Spellcasting
 O Level 27 Conjurations
 O Level 27 Hexes
 O Level 27 Summonings
 O Level 27 Necromancy
 O Level 27 Translocations
 O Level 27 Transmutations
 O Level 27 Fire Magic
 O Level 27 Ice Magic
 O Level 27 Air Magic
 O Level 27 Earth Magic
 O Level 27 Poison Magic
 O Level 27 Invocations
 O Level 27 Evocations
 O Level 27 Shapeshifting


You had 76 spell levels left.
You knew the following spells:

 Your Spells              Type           Power      Damage    Failure   Level
a - Manifold Assault      Tloc           100%       N/A       0%          4

Your spell library contained the following spells:

 Spells                   Type           Power      Damage    Failure   Level
 Blink                    Tloc           100%       N/A       0%          2
 Lesser Beckoning         Tloc           100%       N/A       0%          2
 Teleport Other           Tloc           100%       N/A       0%          3
 Vhi's Electric Charge    Tloc/Air       100%       N/A       0%          4


Dungeon Overview and Level Annotations

Branches:
Dungeon (1/1) Zot: 27000

Altars:
Makhleb

Annotations:
D The Meatlord


Innate Abilities, Weirdness & Mutations

You have sharp claws.
You have razor-sharp teeth.
You have supernaturally acute eyesight. (SInv)
You cover ground quickly. (Speed+)
Your thick and shaggy fur keeps you warm. (AC +3, rC+)
Your paws help you pounce on unaware monsters.
You are incapable of wielding weapons or throwing items.
You cannot wear armour.
You gain extra lives every three experience levels.


Message History

The observer gazes at you. The bolt of fire hits you!!!!
The bag of meat closely misses you.
The bag of meat hits you with a +9 war axe!!
Casting: Manifold Assault (safe; 0% risk of failure)
Confirm with . or Enter, or press ? or * to list all spells.
Space momentarily warps into an impossible shape!
You eviscerate the observer!!!!!!!!!!!!
You kill the observer!
Makhleb accepts your kill.
You feel better.
You eviscerate the dread!!!!!!!!!!!
You destroy the dread!
Makhleb accepts your kill.
You feel better.
A meat berserker comes into view. It is wielding a +9 battleaxe.
Casting: Manifold Assault (safe; 0% risk of failure)
Confirm with . or Enter, or press ? or * to list all spells.
Space momentarily warps into an impossible shape!
You eviscerate the Tzitzimitl!!!!!!!!!!!
You kill the Tzitzimitl!
The Tzitzimitl dissolves into shadows!
You eviscerate the Tzitzimitl!!!!!!!!!!!
You kill the Tzitzimitl!
The Tzitzimitl dissolves into shadows!
The bag of meat completely misses you.
The bag of meat hits you with a +9 war axe!!
Casting: Manifold Assault (safe; 0% risk of failure)
Confirm with . or Enter, or press ? or * to list all spells.
Space momentarily warps into an impossible shape!
You eviscerate the bag of meat!!!!!!!!!
You kill the bag of meat!
Makhleb accepts your kill.
You feel better.
You eviscerate the bag of meat!!!!!!!!!!!!
You kill the bag of meat!
Makhleb accepts your kill.
You feel better.
Casting: Manifold Assault (safe; 0% risk of failure)
Confirm with . or Enter, or press ? or * to list all spells.
Space momentarily warps into an impossible shape!
You eviscerate the wretched soul!!!!!!!!!!!
You destroy the wretched soul!
Makhleb accepts your kill.
You feel better.
You eviscerate the observer!!!!!!!!!!!!
You kill the observer!
Makhleb accepts your kill.
Casting: Manifold Assault (safe; 0% risk of failure)
Confirm with . or Enter, or press ? or * to list all spells.
Space momentarily warps into an impossible shape!
You eviscerate the fleshlord!!!!!!!!!!!!
You kill the fleshlord!
Makhleb accepts your kill.
You eviscerate the bag of meat!!!!!!!!!!!!
You kill the bag of meat!
Makhleb accepts your kill.
Casting: Manifold Assault (safe; 0% risk of failure)
Confirm with . or Enter, or press ? or * to list all spells.
Space momentarily warps into an impossible shape!
You eviscerate the destroyer!!!!!!!!!!!!
You destroy the destroyer!
Makhleb accepts your kill.
You eviscerate the accursed!!!!!!!!!!!
You destroy the accursed!
Makhleb accepts your kill.
You feel extremely nervous for a moment...
Your body is wracked with pain!
Casting: Manifold Assault (safe; 0% risk of failure)
Confirm with . or Enter, or press ? or * to list all spells.
Space momentarily warps into an impossible shape!
You eviscerate the meat beast!!!!!!!!!!!!
You kill the meat beast!
Makhleb accepts your kill.
You feel better.
You eviscerate the meat berserker!!!!!!!!!!
You kill the meat berserker!
Makhleb accepts your kill.
You feel better.
Casting: Manifold Assault (safe; 0% risk of failure)
Confirm with . or Enter, or press ? or * to list all spells.
Space momentarily warps into an impossible shape!
You eviscerate the wretched soul!!!!!!!!!!!!
You destroy the wretched soul!
Makhleb accepts your kill.
You eviscerate the observer!!!!!!!!!!!
You kill the observer!
Makhleb accepts your kill.
A dread comes into view.
Casting: Manifold Assault (safe; 0% risk of failure)
Confirm with . or Enter, or press ? or * to list all spells.
Space momentarily warps into an impossible shape!
You eviscerate the dread!!!!!!!!!!
You destroy the dread!
Makhleb accepts your kill.
You eviscerate the tyrant!!!!!!!!!!!
You destroy the tyrant!
Makhleb accepts your kill.
You hear a shout! x2
A tyrant comes into view.
Casting: Manifold Assault (safe; 0% risk of failure)
Confirm with . or Enter, or press ? or * to list all spells.
Space momentarily warps into an impossible shape!
You eviscerate the dread!!!!!!!!!!
You destroy the dread!
Makhleb accepts your kill.
You eviscerate The Meatlord!!!!!!! What are your orders? t - Meow!
Orders for allies: a - Attack new target. r - Retreat! s - Stop attacking. g - Guard the area. f - Follow me.
Anything else - Cancel.
You meow for attention!
The Meatlord gestures.
A sculptor of flesh comes into view. It is wielding a +9 great sword.
An observer comes into view.
A ball lightning comes into view.
Casting: Manifold Assault (safe; 0% risk of failure)
Confirm with . or Enter, or press ? or * to list all spells.
Space momentarily warps into an impossible shape!
You eviscerate the scourge!!!!!!!!!!!!
You kill the scourge!
Makhleb accepts your kill.
You eviscerate the dread!!!!!!!!!!!
You destroy the dread!
Makhleb accepts your kill.
You hear a shout!
The Meatlord gestures.
A ball lightning comes into view.
You eviscerate the meat berserker!!!!!!!!!!!
You kill the meat berserker!
Makhleb accepts your kill. The observer gazes at you. Something smites you!
Casting: Manifold Assault (safe; 0% risk of failure)
Confirm with . or Enter, or press ? or * to list all spells.
Space momentarily warps into an impossible shape!
You eviscerate the meat berserker!!!!!!!!!!
You kill the meat berserker!
Makhleb accepts your kill.
You feel better.
You eviscerate the fleshlord!!!!!!!!!!!
You kill the fleshlord!
Makhleb accepts your kill.
The Meatlord gestures.
A vile comes into view. It is wielding a +0 mace.
The Tzitzimitl calls on the powers of darkness!
The observer convulses! x2; Your body is wracked with pain!
The ball lightning explodes!
The blast of lightning engulfs the observer!!!!
The blast of lightning engulfs the vile!!!
The vile resists.
The blast of lightning engulfs you!!!!
Ouch! That really hurt!
You die...

#....#......)..D.o..
#.1§...)L....o...###
#1G§W.W.o.G...Wp...#
#)&.1&.§))o...)...)#
#§9.G.1.G.#)........
#§G.1Vp))#.#.#.)....
#)))†.W)WM#.#O.p....
#))###))S#.#.#†.o)..
#))@)##§p)#.#p.O).#.
#))))z#)).o......O..
#†)..)))##W......##.
####..))†##)......
####L)))..####..
####...... ...
####... ... ###


You could see The Meatlord, 2 Tzitzimimeh, a tyrant, 2 observers, a sculptor of
flesh and a vile (fast).

Vanquished Creatures
  8 hell knights (D)
  8 hell beasts (D)
  6 royal mummies (D)
  7 great orbs of eyes (D)
  11 wraiths (D)
  Harold (D)
  14 vampire knights (D)
  34 ogres (D)
  6 two-headed ogres (D)
  5 liches (D)
  4 hydras (D)
  8 phantoms (D)
  88 orcs (D)
  11 skeletal warriors (D)
  7 sea snakes (D)
  2 ball lightnings (D)
220 creatures vanquished.

Vanquished Creatures (others)
  An ogre (D)
  A hydra (D)
  5 orcs (D)
  2 sea snakes (D)
  2 ball lightnings (D)
11 creatures vanquished.

Grand Total: 231 creatures vanquished

Notes
Turn   | Place    | Note
-------+----------+-------------------------------------------
     0 | D        | sentinel the Felid Warper began the quest for the Orb.
     0 | D        | Reached XP level 1. HP: 9/9 MP: 4/4
     0 | D        | Noticed a meat berserker
     3 | D        | Became a worshipper of Makhleb the Destroyer
     4 | D        | Annihilated by a meat berserker
     5 | D        | Noticed a bag of meat
     5 | D        | Noticed a bag of meat
     5 | D        | Noticed a bag of meat
     5 | D        | Noticed a bag of meat
     5 | D        | Noticed a bag of meat
     5 | D        | Noticed a bag of meat
     5 | D        | Noticed a bag of meat
     6 | D        | Killed a bag of meat
     6 | D        | Noticed a bag of meat
     6 | D        | Noticed a bag of meat
     7 | D        | Reached skill level 15 in Dodging
     7 | D        | Reached XP level 2. HP: 22/22 MP: 4/15
     7 | D        | Reached XP level 3. HP: 26/26 MP: 4/16
     7 | D        | Reached XP level 4. HP: 30/30 MP: 4/18
     7 | D        | Reached XP level 5. HP: 34/34 MP: 4/19
     7 | D        | Gained mutation: You are covered in thick fur. (AC +2)
                  | [Felid growth]
     7 | D        | Reached XP level 6. HP: 38/38 MP: 4/21
     7 | D        | Reached XP level 7. HP: 42/42 MP: 4/22
     7 | D        | Reached XP level 8. HP: 45/45 MP: 4/24
     7 | D        | Reached XP level 9. HP: 49/49 MP: 4/25
     7 | D        | Reached XP level 10. HP: 53/53 MP: 4/26
     7 | D        | Killed a bag of meat
     7 | D        | Reached * piety under Makhleb
     7 | D        | Noticed a bag of meat
     7 | D        | Noticed a bag of meat
     7 | D        | Noticed a bag of meat
     7 | D        | Noticed a bag of meat
     7 | D        | Noticed a bag of meat
     8 | D        | Reached XP level 11. HP: 59/59 MP: 4/28
     8 | D        | Killed a bag of meat
     8 | D        | Noticed a meat berserker
     8 | D        | Noticed a bag of meat
     8 | D        | Noticed a bag of meat
     8 | D        | Noticed a bag of meat
     9 | D        | Reached skill level 15 in Fighting
     9 | D        | Reached skill level 15 in Unarmed Combat
     9 | D        | Gained mutation: Your thick and shaggy fur keeps you warm.
                  | (AC +3, rC+) [Felid growth]
     9 | D        | Reached XP level 12. HP: 65/65 MP: 4/30
     9 | D        | Noticed a bag of meat
     9 | D        | Noticed a meat berserker
    10 | D        | Noticed a meat berserker
    10 | D        | Mangled by a meat berserker
    10 | D        | Noticed a bag of meat
    11 | D        | Noticed a bag of meat
    11 | D        | Noticed a bag of meat
    11 | D        | Noticed a bag of meat
    11 | D        | Noticed a bag of meat
    12 | D        | Noticed a bag of meat
    12 | D        | Noticed a bag of meat
    13 | D        | Noticed a bag of meat
    13 | D        | Noticed a meat berserker
    13 | D        | Noticed a bag of meat
    13 | D        | Noticed a bag of meat
    14 | D        | Noticed a meat berserker
    14 | D        | Noticed a bag of meat
    15 | D        | Annihilated by a meat berserker
    15 | D        | Noticed a bag of meat
    16 | D        | Noticed a large bag of meat
    16 | D        | Noticed a meat berserker
    16 | D        | Noticed a bag of meat
    16 | D        | Noticed a bag of meat
    16 | D        | Noticed a bag of meat
    16 | D        | Noticed a destroyer
    17 | D        | Noticed a bag of meat
    17 | D        | Noticed a bag of meat
    17 | D        | Noticed a bag of meat
    18 | D        | Noticed a meat berserker
    18 | D        | Noticed a bag of meat
    18 | D        | Noticed a bag of meat
    19 | D        | Noticed a meat berserker
    19 | D        | Noticed a bag of meat
    19 | D        | Noticed a meat berserker
    20 | D        | Noticed a destroyer
    20 | D        | Noticed a meat berserker
    20 | D        | Noticed a bag of meat
    21 | D        | Learned a level 4 spell: Manifold Assault
    21 | D        | Killed a meat berserker
    21 | D        | Noticed a meat berserker
    22 | D        | Reached skill level 15 in Spellcasting
    22 | D        | Reached XP level 13. HP: 50/71 MP: 30/33
    22 | D        | Killed a meat berserker
    22 | D        | Reached ** piety under Makhleb
    22 | D        | Noticed a bag of meat
    22 | D        | Noticed a bag of meat
    22 | D        | Noticed a bag of meat
    23 | D        | Reached XP level 14. HP: 54/76 MP: 30/34
    23 | D        | Killed a destroyer
    23 | D        | Noticed a bag of meat
    23 | D        | Annihilated by a large bag of meat
    23 | D        | Noticed a bag of meat
    24 | D        | Reached skill level 27 in Translocations
    24 | D        | Noticed a bag of meat
    24 | D        | Noticed a bag of meat
    24 | D        | Noticed a bag of meat
    24 | D        | Noticed a bag of meat
    24 | D        | Killed a bag of meat
    24 | D        | Killed a bag of meat
    24 | D        | Reached *** piety under Makhleb
    24 | D        | Noticed a destroyer
    25 | D        | Reached XP level 15. HP: 84/84 MP: 30/38
    25 | D        | Noticed a large bag of meat
    26 | D        | Reached **** piety under Makhleb
    26 | D        | Noticed a destroyer
    27 | D        | Reached skill level 27 in Dodging
    27 | D        | Noticed a large bag of meat
    28 | D        | Reached skill level 27 in Unarmed Combat
    28 | D        | Reached XP level 16. HP: 58/94 MP: 18/42
    28 | D        | Noticed a large bag of meat
    28 | D        | Reached ***** piety under Makhleb
    28 | D        | Noticed a meat berserker
    29 | D        | Noticed an eight-headed meat hydra
    29 | D        | Annihilated by a meat berserker
    30 | D        | Noticed a destroyer
    30 | D        | Noticed a meat berserker
    30 | D        | Killed a meat berserker
    30 | D        | Killed a destroyer
    30 | D        | Noticed a large bag of meat
    31 | D        | Reached skill level 27 in Fighting
    31 | D        | Reached skill level 27 in Spellcasting
    31 | D        | Reached skill level 10 in Stealth
    31 | D        | Reached XP level 17. HP: 104/104 MP: 40/49
    32 | D        | Noticed a sculptor of flesh
    32 | D        | Killed a large bag of meat
    32 | D        | Killed a destroyer
    32 | D        | Noticed a destroyer
    33 | D        | Reached skill level 27 in Stealth
    33 | D        | Reached XP level 18. HP: 99/109 MP: 32/50
    33 | D        | Killed an eight-headed meat hydra
    33 | D        | Reached ****** piety under Makhleb
    34 | D        | Noticed a sculptor of flesh
    35 | D        | Reached skill level 27 in Invocations
    35 | D        | Reached skill level 5 in Hexes
    35 | D        | Killed a destroyer
    35 | D        | Noticed a meat berserker
    36 | D        | Reached skill level 5 in Conjurations
    36 | D        | Reached skill level 5 in Fire Magic
    36 | D        | Reached skill level 5 in Ice Magic
    36 | D        | Reached skill level 5 in Air Magic
    36 | D        | Reached skill level 5 in Earth Magic
    36 | D        | Reached skill level 5 in Poison Magic
    36 | D        | Noticed a meat berserker
    36 | D        | Noticed a meat berserker
    37 | D        | Reached XP level 19. HP: 42/113 MP: 21/51
    37 | D        | Demolished by a meat berserker
    39 | D        | Noticed a meat berserker
    39 | D        | Killed a meat berserker
    40 | D        | Reached skill level 10 in Transmutations
    40 | D        | Reached skill level 10 in Evocations
    41 | D        | Noticed a destroyer
    42 | D        | Reached skill level 10 in Summonings
    42 | D        | Reached skill level 10 in Necromancy
    42 | D        | Reached skill level 10 in Shapeshifting
    42 | D        | Noticed a destroyer
    43 | D        | Killed a destroyer
    44 | D        | Reached skill level 10 in Fire Magic
    44 | D        | Reached skill level 10 in Ice Magic
    44 | D        | Reached skill level 10 in Air Magic
    44 | D        | Reached skill level 10 in Earth Magic
    44 | D        | Reached skill level 10 in Poison Magic
    44 | D        | Reached XP level 20. HP: 118/118 MP: 40/52
    44 | D        | Killed a destroyer
    45 | D        | Noticed an accursed
    46 | D        | Killed a meat berserker
    46 | D        | Noticed a meat berserker
    47 | D        | Reached skill level 15 in Summonings
    47 | D        | Reached skill level 15 in Necromancy
    47 | D        | Reached skill level 15 in Transmutations
    47 | D        | Reached skill level 15 in Evocations
    47 | D        | Killed a meat berserker
    48 | D        | Reached skill level 15 in Conjurations
    48 | D        | Reached skill level 15 in Shapeshifting
    48 | D        | Reached XP level 21. HP: 122/122 MP: 25/53
    48 | D        | Killed an accursed
    49 | D        | Reached skill level 15 in Fire Magic
    49 | D        | Reached skill level 15 in Ice Magic
    49 | D        | Reached skill level 15 in Air Magic
    49 | D        | Reached skill level 15 in Earth Magic
    49 | D        | Reached skill level 15 in Poison Magic
    52 | D        | Reached XP level 22. HP: 127/127 MP: 10/54
    52 | D        | Killed a large bag of meat
    53 | D        | Reached skill level 27 in Hexes
    54 | D        | Noticed a tyrant
    54 | D        | Noticed an accursed
    54 | D        | Noticed a destroyer
    57 | D        | Noticed an accursed
    59 | D        | Killed a destroyer
    59 | D        | Slain by a bag of meat
    60 | D        | Reached XP level 23. HP: 131/131 MP: 55/55
    60 | D        | Killed a tyrant
    64 | D        | Killed a large bag of meat
    67 | D        | Killed an accursed
    68 | D        | Reached XP level 24. HP: 70/136 MP: 36/55
    69 | D        | Killed an accursed
    69 | D        | Noticed a destroyer
    70 | D        | Reached skill level 27 in Transmutations
    70 | D        | Reached skill level 27 in Evocations
    70 | D        | Killed a destroyer
    73 | D        | Reached skill level 27 in Summonings
    73 | D        | Reached skill level 27 in Necromancy
    76 | D        | Reached skill level 27 in Shapeshifting
    76 | D        | Reached XP level 25. HP: 127/140 MP: 22/55
    83 | D        | Reached skill level 27 in Conjurations
    84 | D        | Noticed a destroyer
    85 | D        | Killed a destroyer
    86 | D        | Reached skill level 27 in Fire Magic
    86 | D        | Reached skill level 27 in Ice Magic
    86 | D        | Reached skill level 27 in Air Magic
    86 | D        | Reached skill level 27 in Earth Magic
    86 | D        | Reached skill level 27 in Poison Magic
    91 | D        | Killed a destroyer
    94 | D        | Reached XP level 26. HP: 145/145 MP: 19/55
    94 | D        | Noticed a meat beast
    95 | D        | Noticed a dread
    96 | D        | Killed a dread
    96 | D        | Killed a meat beast
    97 | D        | Reached XP level 27. HP: 149/149 MP: 7/55
    99 | D        | Noticed The Servant
    99 | D        | Noticed a tyrant
   100 | D        | Killed The Servant
   100 | D        | Killed a tyrant
   102 | D        | Noticed a large bag of meat
   102 | D        | Noticed a dread
   104 | D        | Killed a large bag of meat
   104 | D        | Killed a dread
   106 | D        | Noticed an accursed
   107 | D        | Noticed a large bag of meat
   109 | D        | Killed an accursed
   110 | D        | Killed a large bag of meat
   113 | D        | Noticed a meat beast
   114 | D        | Killed a meat beast
   115 | D        | Noticed an accursed
   115 | D        | Noticed a destroyer
   116 | D        | Killed a destroyer
   116 | D        | Killed an accursed
   133 | D        | Noticed a fleshlord
   133 | D        | Killed a fleshlord
   134 | D        | Noticed a fleshlord
   135 | D        | Noticed a meat beast
   136 | D        | Killed a fleshlord
   136 | D        | Killed a meat beast
   141 | D        | Noticed a meat beast
   142 | D        | Killed a meat beast
   153 | D        | Noticed a tyrant
   153 | D        | Noticed a dread
   154 | D        | Killed a tyrant
   155 | D        | Noticed a large bag of meat
   155 | D        | Noticed a meat beast
   155 | D        | Noticed a dread
   156 | D        | Noticed a tyrant
   157 | D        | Noticed a meat beast
   157 | D        | Noticed a destroyer
   159 | D        | Noticed a meat beast
   161 | D        | HP: 3/223 [eight-headed meat hydra (11)]
   161 | D        | Slain by an eight-headed meat hydra
   164 | D        | Killed a meat beast
   167 | D        | Slain by a meat berserker
   170 | D        | Killed a large bag of meat
   173 | D        | Killed a dread
   178 | D        | Killed a dread
   178 | D        | Killed a meat beast
   181 | D        | Slain by a meat beast
   183 | D        | Killed a meat beast
   186 | D        | Noticed a dread
   187 | D        | Noticed a fleshlord
   187 | D        | Noticed a fleshlord
   190 | D        | Killed a fleshlord
   190 | D        | Killed a fleshlord
   191 | D        | Killed a tyrant
   194 | D        | Killed a dread
   197 | D        | Noticed a dread
   197 | D        | Noticed a fleshlord
   197 | D        | Noticed a dread
   198 | D        | Noticed The Meatlord
   198 | D        | Noticed a dread
   199 | D        | Annihilated by a sculptor of flesh
   200 | D        | Noticed a fleshlord
   200 | D        | Noticed a fleshlord
   200 | D        | Noticed a destroyer
   200 | D        | Noticed a tyrant
   200 | D        | Noticed a destroyer
   200 | D        | Noticed a meat beast
   200 | D        | Noticed a dread
   200 | D        | Noticed a fleshlord
   200 | D        | Noticed a dread
   200 | D        | Noticed a fleshlord
   200 | D        | Noticed a fleshlord
   200 | D        | Noticed a fleshlord
   200 | D        | Noticed an accursed
   201 | D        | Killed a fleshlord
   201 | D        | Killed a fleshlord
   201 | D        | Killed by an exploding ball lightning
   202 | D        | Noticed an accursed
   202 | D        | HP: 6/149 [??? (4)]
   203 | D        | Killed a dread
   203 | D        | Killed a destroyer
   203 | D        | Killed from afar by The Meatlord
   206 | D        | Killed a destroyer
   208 | D        | Killed a dread
   209 | D        | Killed a dread
   213 | D        | Killed a fleshlord
   214 | D        | Killed a destroyer
   214 | D        | Killed an accursed
   215 | D        | Killed a meat beast
   216 | D        | Noticed a dread
   217 | D        | Killed a dread
   217 | D        | Killed a tyrant
   217 | D        | Noticed a tyrant
   218 | D        | Killed a dread
   220 | D        | Killed a dread
   222 | D        | Killed a fleshlord
   222 | D        | Noticed a vile
   222 | D        | Killed by an exploding ball lightning

Illustrated notes

Levels and vault maps discovered:
D:        meatsprint

Skill      XL: |  1  2  3  4  5  6  7  8  9 10 11 12 13 14 15 16 17 18 19 20 21 22 23 24 25 |
---------------+----------------------------------------------------------------------------+-----
Fighting       | 12 13 15 16 17 19 23 27 | 27.0
Dodging        | 15 17 19 20 22 25 27 | 27.0
Unarmed Combat | 12 13 15 17 19 23 27 | 27.0
Spellcasting   | 11 12 13 15 18 21 27 | 27.0
Translocations | 17 19 20 23 26 27 | 27.0
Stealth        | 10 27 | 27.0
Invocations    | 7 20 27 | 27.0
Conjurations   | 7 11 15 18 21 23 26 27 | 27.0
Hexes          | 11 17 22 26 27 | 27.0
Summonings     | 8 12 16 19 22 25 27 | 27.0
Necromancy     | 8 12 16 19 22 25 27 | 27.0
Transmutations | 8 12 16 20 23 26 27 | 27.0
Fire Magic     | 6 10 14 17 20 22 25 27 | 27.0
Ice Magic      | 6 10 14 17 20 22 25 27 | 27.0
Air Magic      | 6 10 14 17 20 22 25 27 | 27.0
Earth Magic    | 6 10 14 17 20 22 25 27 | 27.0
Poison Magic   | 6 10 14 17 20 22 25 27 | 27.0
Evocations     | 8 12 16 20 23 26 27 | 27.0
Shapeshifting  | 7 11 15 18 21 24 27 | 27.0

Action                     |  1- 3 |  4- 6 |  7- 9 | 10-12 | 13-15 | 16-18 | 19-21 | 22-24 | 25-27 || total
---------------------------+-------+-------+-------+-------+-------+-------+-------+-------+-------++-------
  Melee: Unarmed           |     1 |       |       |     3 |    10 |    15 |    22 |    28 |   146 ||   225
   Cast: Manifold Assault  |       |       |       |       |     4 |     7 |    11 |    12 |    63 ||    97
    Use: Potion            |       |       |       |       |       |       |       |       |     3 ||     3
   Stab: Distracted        |       |       |       |       |       |       |       |       |     1 ||     1
 Armour: Skin              |     1 |       |       |     8 |     3 |     6 |     3 |     4 |    33 ||    58
  Dodge: Dodged            |       |       |       |     5 |     1 |     3 |     1 |     1 |    16 ||    27

Table legend: (Time is in decaauts)
 A = Elapsed time spent in this place.
 B = Non-inter-level travel time spent in this place.
 C = Inter-level travel time spent in this place.
 D = Time resting spent in this place.
 E = Time spent auto-exploring this place.
 F = Levels seen in this place.
 G = Mean time per level.
                   A        B        C        D        E       F      G
               +--------+--------+--------+--------+--------+-----+--------+
         Total |    153 |    153 |      0 |      0 |      0 |   1 |  153.0 |
       Dungeon |    153 |    153 |      0 |      0 |      0 |   1 |  153.0 |
               +--------+--------+--------+--------+--------+-----+--------+

Top non-repeatable levels by time:
       D: 153 daAuts
